 Dungeon Crawl Stone Soup version 0.31.0-32-g396128a36d (webtiles) character file.

Game seed: 17652307792998441182

96542 Peloso the Fencer (level 15, -3/141 (143) HPs)
             Began as a Minotaur Fighter on Mar 27, 2024.
             Was the Champion of Okawaru.
             Slain by a death knight
             ... wielding a +4 glaive
              (17 damage)
             ... on level 15 of the Dungeon.
             The game lasted 01:02:15 (24358 turns).

Peloso the Fencer (Minotaur Fighter)               Turns: 24358, Time: 01:02:15

HP:   -3/141 (143)  AC: 28    Str: 22    XL:     15   Next: 69%
MP:   14/14         EV:  9    Int:  5    God:    Okawaru [******]
Gold: 1831          SH: 14    Dex: 16    Spells: 14/14 levels left

rFire   . . .        a - +7 scimitar (drain)
rCold   + + .        d - +0 kite shield {reflect}
rNeg    + . .        K - +4 plate armour {rN+}
rPois   +            (helmet restricted)
rElec   .            (no cloak)
rCorr   .            V - +2 pair of gloves of Protective Custody {rC+}
SInv    .            o - +1 pair of boots
Will    .....        e - amulet of regeneration Stlth
                     l - ring of protection from cold
HPRegen 1.23/turn    P - ring of poison resistance
MPRegen 0.14/turn

%: reflection
@: weak-willed, lightly drained
A: horns 2, retaliatory headbutt
a: Renounce Religion, Heroism, Finesse, Duel, Receive Weapon, Receive Armour


You were on level 15 of the Dungeon.
You worshipped Okawaru.
Okawaru was exalted by your worship.
You visited 4 branches of the dungeon, and saw 23 of its levels.
You also visited: Ossuary and Ice Cave.

You collected 2309 gold pieces.
You spent 478 gold pieces at shops.

Inventory:

Hand Weapons
 a - a +7 scimitar of draining (weapon)
 b - the +8 long sword of Piqua {chaos, rC- rN+ Int+3 Stlth+}
   (You found it on level 1 of the Lair of Beasts)

   Int+3:     It affects your intelligence (+3).
   rC-:       It makes you vulnerable to cold.
   rN+:       It protects you from negative energy.
   Stlth+:    It makes you more stealthy.
 c - a +2 falchion of flaming
Armour
 d - a +0 kite shield of reflection (worn)
 o - a +1 pair of boots (worn)
 K - a +4 plate armour of positive energy (worn)
 V - the +2 pair of gloves of Protective Custody (worn) {rC+}
   (You bought it in a shop on level 2 of the Orcish Mines)

   rC+:       It protects you from cold.
 X - a +2 crystal plate armour of cold resistance
Jewellery
 e - an amulet of regeneration (around neck)
 f - an amulet of the acrobat
 l - a ring of protection from cold (left hand)
 p - an amulet of faith
 r - an amulet of reflection
 P - a ring of poison resistance (right hand)
 Q - a ring of see invisible
 S - a ring of protection from cold
Talismans
 j - a flux talisman
 O - a blade talisman
 W - a granite talisman
Wands
 m - a wand of iceblast (3)
 u - a wand of acid (6)
 z - a wand of mindburst (12)
 D - a wand of flame (22)
 F - a wand of digging (3)
 I - a wand of polymorph (14)
Scrolls
 h - 4 scrolls of fog
 k - 6 scrolls of revelation
 q - 8 scrolls of teleportation
 s - 2 scrolls of blinking
 v - 5 scrolls of immolation
 w - 2 scrolls of fear
 y - 3 scrolls of enchant weapon
 G - 4 scrolls of silence
 H - a scroll of brand weapon
 J - 2 scrolls of enchant armour
 M - 3 scrolls of poison
 R - 3 scrolls of identify
 T - 3 scrolls of amnesia
Potions
 g - 8 potions of curing
 i - 2 potions of might
 n - 4 potions of haste
 t - a potion of ambrosia
 x - a potion of experience
 A - 2 potions of resistance
 B - 2 potions of enlightenment
 C - a potion of invisibility
 E - a potion of berserk rage
 L - 4 potions of attraction
 N - 3 potions of brilliance
 U - 3 potions of cancellation
 Y - a potion of heal wounds
 Z - a potion of magic


   Skills:
 + Level 15.6 Fighting
 + Level 17.6 Long Blades
 + Level 17.3 Armour
 + Level 5.2 Dodging
 + Level 2.3 Stealth
 + Level 16.8 Shields
 + Level 1.1 Invocations
 + Level 2.0 Evocations


You had 14 spell levels left.
You didn't know any spells.
Your spell library contained the following spells:

 Spells                   Type           Power      Damage    Failure   Level
 Foxfire                  Conj/Fire      0%         2x1d4     99%         1
 Freeze                   Ice            0%         1d3       99%         1
 Magic Dart               Conj           0%         1d3       99%         1
 Sandblast                Erth           0%         2d4       99%         1
 Shock                    Conj/Air       0%         1d3       99%         1
 Scorch                   Fire           0%         2d5       100%        2
 Searing Ray              Conj           0%         2d4       100%        2
 Frozen Ramparts          Ice            0%         1d1       100%        3
 Fugue of the Fallen      Necr           0%         N/A       100%        3
 Hailstorm                Conj/Ice       0%         3d5       100%        3
 Ozocubu's Armour         Ice            0%         N/A       100%        3
 Passwall                 Erth           0%         N/A       100%        3
 Sigil of Binding         Hex            0%         N/A       100%        3
 Stone Arrow              Conj/Erth      0%         3d7       100%        3
 Swiftness                Air            0%         N/A       100%        3
 Airstrike                Air            0%         2d(0-16)  100%        4
 Brom's Barrelling Bould  Conj/Erth      0%         2d3       100%        4
 Cause Fear               Hex            0%         N/A       100%        4
 Dimensional Bullseye     Hex/Tloc       0%         N/A       100%        4
 Flame Wave               Conj/Fire      0%         2d4       100%        4
 Fulminant Prism          Conj/Alch      0%         3d5       100%        4
 Manifold Assault         Tloc           0%         N/A       100%        4
 Fireball                 Conj/Fire      0%         3d3       100%        5
 Iskenderun's Battlesphe  Conj           0%         2d6       100%        5
 Conjure Ball Lightning   Conj/Air       0%         3x3d6     100%        6
 Orb of Destruction       Conj           0%         9d5       100%        7
 Summon Small Mammal      Summ           Unusable   N/A       N/A         1
 Call Canine Familiar     Summ           Unusable   N/A       N/A         3
 Summon Blazeheart Golem  Fire/Summ      Unusable   N/A       N/A         4
 Haunt                    Necr/Summ      Unusable   N/A       N/A         7
 Summon Horrible Things   Summ           Unusable   N/A       N/A         8
 Dragon's Call            Summ           Unusable   N/A       N/A         9

Dungeon Overview and Level Annotations

Branches:
Dungeon (15/15)            Temple (1/1) D:5            Lair (5/5) D:11
  Swamp (0/4) Lair:2        Snake (0/4) Lair:3        Slime (0/5) Lair:4
    Orc (2/2) D:11            Elf (0/3) Orc:2        Vaults (0/5) D:14
Ossuary (visited)           IceCv (visited)
 Depths: D:15

Altars:
Ashenzari
Cheibriados
Dithmenos
Elyvilon
Fedhas
Gozag
Hepliaklqana
Kikubaaqudgha
Makhleb
Nemelex Xobeh
Okawaru
Qazlal
Ru
Sif Muna
Trog
Uskayaw
Vehumet
Wu Jian
Xom
Yredelemnul
Zin
The Shining One
Jiyva

Shops:
D:7 :   D:9 (   Orc:2 :(*[

Annotations:
D:12 2 transporters, nitefall's ghost, journeyman MiBe


Innate Abilities, Weirdness & Mutations

You have a pair of horns on your head.
You reflexively headbutt those who attack you in melee.


Message History

Unknown command.
You hit the stone giant.
You headbutt the stone giant, but do no damage.
The stone giant is moderately wounded.
You block the death knight's attack.
The stone giant hits you but does no damage.
The phantasmal warrior hits you but does no damage.
Unknown command.
You feel much better. You block the death knight's attack.
You block the stone giant's attack.
You block the phantasmal warrior's attack.
You barely miss the stone giant. You headbutt the stone giant!
The stone giant is moderately wounded.
You block the stone giant's attack.
The death knight hits you from afar with a +4 glaive!
Unknown command.
You slash the stone giant!
You headbutt the stone giant, but do no damage.
The stone giant is moderately wounded.
The phantasmal warrior hits you.
Unknown command.
You hit the stone giant. You drain the stone giant.
You headbutt the stone giant, but do no damage.
The stone giant is heavily wounded.
You block the death knight's attack. The stone giant hits you.
The phantasmal warrior hits you!
Unknown command.
You hit the stone giant. You drain the stone giant.
The stone giant is heavily wounded.
The death knight hits you from afar with a +4 glaive!!
* * * LOW HITPOINT WARNING * * *
The stone giant hits you but does no damage.
The phantasmal warrior hits you.
* * * LOW HITPOINT WARNING * * *
You hit the stone giant but do no damage.
You drain the stone giant.
You headbutt the stone giant, but do no damage.
The stone giant is heavily wounded.
The death knight hits you from afar with a +4 glaive!
You die...

####.#### ###
#.......####.<
#
#.##.#........
#
#.##.#..####..
# #.##.#..#
#.##*#..#
#..QDp°.#
####C#○## #@#..
#W### #.#
..............p
####..####.#...
#.. # ... #.#$
#.#


You could see a stone giant (drained), a death knight, a six-headed hydra, a
phantasmal warrior, a tengu conjurer and a battlesphere.

Vanquished Creatures
  Roxanne (D:14)
  Donald (Orc:2)
  An orc warlord (Orc:1)
  A reaper (IceCv)
  Nessos (D:14)
  Josephine (D:14)
  4 vault guards (D:13)
  A catoblepas (Lair:4)
  6 centaur warriors
  4 hydras
  7 two-headed ogres
  2 boulder beetles
  3 death yaks (Lair:1)
  A tengu warrior (D:13)
  4 orc high priests
  Urug (Orc:2)
  A skyshark (Lair:5)
  Lodul (D:11)
  A deep troll (Lair:2)
  An oklob plant (Lair:1)
  5 orc sorcerers
  A wolf spider (Lair:5)
  2 deep elf pyromancers
  7 manticores
  3 orc knights
  A cyclops (Orc:1)
  5 elephants (Lair:5)
  A guardian serpent (Lair:5)
  5 black mambas
  2 ice statues (IceCv)
  2 kobold blastminers
  16 cane toads
  A kobold demonologist (D:11)
  9 komodo dragons
  3 gargoyles
  A cane toad (shapeshifter) (D:13)
  2 unseen horrors
  An efreet (D:15)
  5 yaktaurs (D:15)
  3 rime drakes
  8 ice devils (IceCv)
  A rime drake (shapeshifter) (D:15)
  A tengu conjurer (D:13)
  An anaconda simulacrum (IceCv)
  12 trolls
  A tyrant leech (Lair:2)
  A troll (shapeshifter) (D:14)
  2 hornets (Lair:5)
  6 polar bears
  24 blink frogs
  2 dream sheep (D:9)
  6 slime creatures
  A vampire (D:9)
  3 shadows
  A spriggan (Lair:2)
  A water elemental (D:11)
  7 wraiths
  19 wyverns
  72 yaks
  A dire elephant simulacrum (IceCv)
  Eustachio (D:5)
  A golden eye (shapeshifter) (D:13)
  4 basilisks
  3 redbacks (Lair:5)
  Edmund (D:5)
  3 harpy simulacra (IceCv)
  3 steam dragons
  Menkaure (D:4)
  A death yak simulacrum (IceCv)
  6 vampire mosquitoes
  3 nagas
  A swamp worm (Lair:2)
  4 acid dragons
  19 water moccasins
  34 orc warriors
  4 black bears
  10 ogres
  An ice beast (D:7)
  4 laughing skulls
  19 wolves
  5 boggarts
  2 centaurs
  6 kobold brigands
  25 bullfrogs
  A gnoll sergeant (D:8)
  3 two-headed ogre simulacra (IceCv)
  5 scorpions
  A cane toad simulacrum (IceCv)
  9 wights
  10 killer bees
  3 electric eels
  4 howler monkeys
  3 jellies
  2 bombardier beetles (D:3)
  2 bullfrog zombies (Ossuary)
  7 hounds
  2 gnoll boudas
  23 orc priests
  An iguana (D:5)
  2 sleepcaps
  Natasha (D:4)
  28 orc wizards
  2 spriggan simulacra (IceCv)
  2 wolf simulacra (IceCv)
  4 crocodile zombies (Ossuary)
  2 hound zombies (Ossuary)
  13 mummies (Ossuary)
  4 howler monkey zombies (Ossuary)
  10 gnolls
  15 adders
  3 naga simulacra (IceCv)
  8 white imps
  5 ufetubi
  A dart slug (D:1)
  2 ribbon worms
  83 orcs
  8 endoplasms
  3 giant cockroaches
  5 goblins
  9 hobgoblins
  6 jackals
  28 kobolds
  6 quokkas
  9 ball pythons
  6 ball python zombies (Ossuary)
  9 bats
  4 frilled lizards
  7 rats
  A spectral hobgoblin (D:7)
811 creatures vanquished.

Vanquished Creatures (others)
  2 orc priests (Orc:2)
  An orc (Orc:2)
  3 kobolds (D:9)
6 creatures vanquished.

Grand Total: 817 creatures vanquished

Notes
Turn   | Place    | Note
-------+----------+-------------------------------------------
     0 | D:1      | Peloso the Minotaur Fighter began the quest for the Orb.
     0 | D:1      | Reached XP level 1. HP: 19/19 MP: 0/0
   163 | D:1      | Reached XP level 2. HP: 25/27 MP: 1/1
   445 | D:1      | Reached XP level 3. HP: 33/33 MP: 2/2
   940 | D:2      | Found a faded altar of an unknown god.
  1106 | D:2      | Reached XP level 4. HP: 40/40 MP: 3/3
  1426 | D:3      | Reached XP level 5. HP: 42/47 MP: 4/4
  1502 | D:3      | Found an ornate altar of the Wu Jian Council.
  1511 | D:3      | Found an opulent altar of Gozag.
  1589 | D:3      | Reached skill level 1 in Dodging
  2071 | D:4      | Found a sand-covered staircase.
  2080 | Ossuary  | Entered an ossuary
  2090 | Ossuary  | Reached skill level 5 in Long Blades
  2100 | Ossuary  | Reached XP level 6. HP: 46/53 MP: 5/5
  2271 | Ossuary  | Reached skill level 5 in Shields
  2372 | Ossuary  | Reached XP level 7. HP: 60/60 MP: 6/6
  2383 | Ossuary  | Reached skill level 5 in Fighting
  2440 | Ossuary  | Reached skill level 5 in Armour
  2831 | D:4      | Got the Papyrus of the Inflammable Union
  3094 | D:4      | Noticed Natasha
  3099 | D:4      | Killed Natasha
  3173 | D:4      | Noticed Menkaure
  3184 | D:4      | Killed Menkaure
  3207 | D:4      | Found a burning altar of Makhleb.
  3237 | D:5      | Entered Level 5 of the Dungeon
  3303 | D:5      | Noticed Eustachio
  3324 | D:5      | Killed Eustachio
  3325 | D:5      | Reached XP level 8. HP: 52/70 MP: 7/7
  3408 | D:5      | Noticed Edmund
  3419 | D:5      | HP: 2/56 [Edmund/+3 flail of draining (3)]
  3431 | D:5      | Killed Edmund
  4021 | D:5      | Found a staircase to the Ecumenical Temple.
  4156 | Temple   | Found a transporter.
  4156 | Temple   | Found a transporter.
  4156 | Temple   | Found a transporter.
  4156 | Temple   | Found a transporter.
  4156 | Temple   | Entered the Ecumenical Temple
  4169 | Temple   | Became a worshipper of Warmaster Okawaru
  4367 | D:6      | Reached XP level 9. HP: 79/79 MP: 8/8
  4407 | D:6      | Reached skill level 10 in Long Blades
  4722 | D:6      | Noticed a gargoyle
  4729 | D:6      | Killed a gargoyle
  4729 | D:6      | Reached * piety under Okawaru
  4754 | D:6      | Noticed a boulder beetle
  4763 | D:6      | Killed a boulder beetle
  4763 | D:6      | Reached ** piety under Okawaru
  4875 | D:7      | Found a hazy altar of Hepliaklqana.
  5119 | D:7      | Found Fowkak's Book Shop.
  5199 | D:7      | Found a white marble altar of Elyvilon.
  5272 | D:7      | Reached skill level 1 in Stealth
  5276 | D:7      | Reached XP level 10. HP: 90/90 MP: 9/9
  5311 | D:7      | Reached *** piety under Okawaru
  7076 | D:8      | Reached skill level 10 in Armour
  7134 | D:8      | Found a basalt altar of Yredelemnul.
  7134 | D:8      | Found a stormy altar of Qazlal.
  7268 | D:8      | Found an ancient bone altar of Kikubaaqudgha.
  7366 | D:8      | Noticed a two-headed ogre
  7372 | D:8      | Killed a two-headed ogre
  7372 | D:8      | Reached **** piety under Okawaru
  8049 | D:9      | Found Ucurei Mezay's Weapon Boutique.
  8104 | D:9      | Found a sacrificial altar of Ru.
  8192 | D:9      | Reached XP level 11. HP: 98/99 MP: 10/10
  8228 | D:9      | Reached skill level 1 in Evocations
  8701 | D:10     | Entered Level 10 of the Dungeon
  9053 | D:10     | Reached ***** piety under Okawaru
  9131 | D:10     | Noticed a two-headed ogre
  9142 | D:10     | Killed a two-headed ogre
  9346 | D:10     | Received a gift from Okawaru
  9359 | D:10     | Reached skill level 10 in Fighting
  9711 | D:11     | Noticed a two-headed ogre
  9778 | D:11     | Noticed Lodul
  9807 | D:10     | Killed a two-headed ogre
 10015 | D:11     | Received a gift from Okawaru
 10035 | D:11     | Found a staircase to the Lair.
 10121 | D:11     | Noticed a sixfirhy
 10141 | D:11     | Noticed a sixfirhy
 10335 | D:11     | Noticed a two-headed ogre
 10435 | D:11     | Killed a two-headed ogre
 10457 | Lair:1   | Entered Level 1 of the Lair of Beasts
 10462 | Lair:1   | Received a gift from Okawaru
 10463 | Lair:1   | Reached XP level 12. HP: 108/108 MP: 11/11
 10695 | Lair:1   | Found a shimmering altar of Xom.
 10798 | Lair:1   | Identified the +8 long sword of Piqua {chaos, rC- rN+ Int+3
                  | Stlth+}
 10798 | Lair:1   | Noticed a death yak
 10800 | Lair:1   | Noticed a death yak
 10801 | Lair:1   | Noticed a death yak
 10860 | Lair:1   | Killed a death yak
 10860 | Lair:1   | Received a gift from Okawaru
 10870 | Lair:1   | Killed a death yak
 10875 | Lair:1   | Reached skill level 10 in Shields
 11118 | Lair:1   | Killed a death yak
 11222 | Lair:1   | Identified the +1 ring mail of Nyixud {Dex+3}
 11926 | Lair:1   | Reached skill level 15 in Long Blades
 12791 | Lair:2   | Found a staircase to the Swamp.
 13109 | Lair:3   | Found a staircase to the Snake Pit.
 13118 | Lair:2   | Reached ****** piety under Okawaru
 13154 | Lair:3   | HP: 5/111 [naga/+0 trident (13)]
 13616 | Lair:3   | Reached XP level 13. HP: 108/117 MP: 12/12
 13726 | Lair:3   | Received a gift from Okawaru
 13955 | Lair:3   | Reached skill level 15 in Armour
 14479 | D:11     | Killed Lodul
 14518 | D:11     | Found a staircase to the Orcish Mines.
 14931 | Orc:1    | Entered Level 1 of the Orcish Mines
 14987 | Orc:2    | Entered Level 2 of the Orcish Mines
 14993 | Orc:2    | Received a gift from Okawaru
 15069 | Orc:2    | Noticed Donald
 15076 | Orc:2    | Killed Donald
 15077 | Orc:2    | Found a staircase to the Elven Halls.
 15318 | Orc:2    | Reached skill level 1 in Invocations
 16341 | Orc:2    | Received a gift from Okawaru
 16377 | Orc:2    | Noticed an orc warlord
 16462 | Orc:1    | Killed an orc warlord
 16543 | Orc:2    | Noticed Urug
 16562 | Orc:2    | Killed Urug
 16762 | Orc:2    | Paralysed by an orc sorcerer for 2 turns
 16860 | Orc:2    | Reached XP level 14. HP: 122/129 MP: 13/13
 16906 | Orc:2    | Found Qap Jiwkudu's General Store.
 16907 | Orc:2    | Found Xastott's Book Shop.
 16909 | Orc:2    | Found Gedubik's Antique Armour Boutique.
 16909 | Orc:2    | Found Tonyas's Antique Weapon Boutique.
 16927 | Orc:2    | Bought a pair of faintly humming gloves for 370 gold pieces
 16927 | Orc:2    | Identified the +2 pair of gloves of Protective Custody
                  | {rC+} (You bought it in a shop on level 2 of the Orcish
                  | Mines)
 16954 | Orc:2    | Bought a potion of might for 48 gold pieces
 16954 | Orc:2    | Bought a potion of berserk rage for 60 gold pieces
 17425 | Orc:1    | Received a gift from Okawaru
 18197 | D:12     | Noticed nitefall's ghost (journeyman MiBe)
 18197 | D:12     | Found a transporter.
 18200 | D:12     | Found a transporter.
 18778 | Lair:4   | Found a frozen archway.
 18794 | IceCv    | Entered an ice cave
 18848 | IceCv    | Received a gift from Okawaru
 19340 | IceCv    | Noticed a reaper
 19349 | IceCv    | Killed a reaper
 19372 | IceCv    | Got the Spellbook of the Scintillating Glacier
 19635 | Lair:4   | Found a viscous altar of Jiyva.
 19636 | Lair:4   | Found a staircase to the Slime Pits.
 19864 | Lair:4   | You fall into a shaft and drop 1 floor!
 19864 | Lair:5   | Entered Level 5 of the Lair of Beasts
 19940 | Lair:5   | Received a gift from Okawaru
 19941 | Lair:5   | Reached skill level 5 in Dodging
 20437 | Lair:4   | Received a gift from Okawaru
 20818 | Lair:4   | Reached skill level 15 in Shields
 21376 | Lair:5   | Reached XP level 15. HP: 132/139 MP: 14/14
 21544 | Lair:5   | Received a gift from Okawaru
 22621 | D:14     | Found a gate to the Vaults.
 22636 | D:14     | Reached skill level 15 in Fighting
 23036 | D:14     | Received a gift from Okawaru
 23094 | D:14     | Noticed Nessos
 23340 | D:14     | Killed Nessos
 23353 | D:14     | Noticed Roxanne
 23360 | D:14     | Noticed Josephine
 23376 | D:14     | Killed Josephine
 23509 | D:14     | Received a gift from Okawaru
 23761 | D:14     | You fall into a shaft and drop 1 floor!
 23761 | D:15     | Entered Level 15 of the Dungeon
 24112 | D:14     | Killed Roxanne
 24358 | D:15     | Slain by a death knight

Illustrated notes

Levels and vault maps discovered:
D:1:      dpeg_arrival_boxes_within_box, layout_basic, minmay_pentomino_r2
D:2:      layout_rooms, nicolae_ecumenical_pavilion
D:3:      layout_basic, mainiacjoe_overflow_tiny_flanked,
          mainiacjoe_overflow_concentric_impassable
D:4:      layout_loops_ring, mainiacjoe_overflow_alcove_4,
          mainiacjoe_ossuary_entry_dusty_tomb, uniq_natasha, uniq_menkaure
D:5:      layout_basic, temple_statues, uniq_eustachio, uniq_edmund
D:6:      layout_rooms, chequers_serial_rivers_micro_e, minmay_three_doors
D:7:      layout_loops_ring, nicolae_hepliaklqana_monster_ancestors,
          general_overflow_altar, serial_shops, nicolae_shop_rolling_square,
          grunt_potential
D:8:      layout_loops_cross, lemuel_coloured_pillars_altar,
          nicolae_overflow_hidden_temple
D:9:      layout_basic, lemuel_tele_altar, serial_shops, shop,
          dreamdust_gnoll_shepherd
D:10:     layout_long_grid
D:11:     layout_basic, erik_lair_island, david_orc_3, uniq_lodul
D:12:     layout_cave_pools, gammafunk_ghost_hive
D:13:     layout_gridville
D:14:     layout_cave_pools, lightli_vaults_fourway_checkpoint,
          infiniplex_staircase_river, grunt_ministairs_2,
          chequers_serial_rivers_micro_a, corexii_checkpoint, uniq_josephine,
          uniq_roxanne, uniq_nessos
D:15:     grunt_enter_depths_giant_problem, layout_loops_cross,
          minmay_misc_feat_tower, chequers_serial_rivers_small_3,
          nicolae_good_shop
Temple:   hellmonk_temple_divided_pantheon
Lair:1:   layout_concentric_octagons, lemuel_oklob_altar
Lair:2:   dreamdust_cave_troll, layout_cellular_growth,
          minmay_swamp_entry_worms, bh_autumn_forest_stairs,
          grunt_forest_stairs_clearing
Lair:3:   layout_misc_corridors, guppyfry_snake_entry_island,
          grunt_megastairs_3, lemuel_fruit_tree, infiniplex_staircase_pool_2
Lair:4:   layout_cave_pods, minmay_slime_entry_pillars, portal_ice_cave_rime,
          hibernation_bobbens
Lair:5:   hangedman_lair_tendril_chambers, layout_gridlike
Orc:1:    layout_caves, basic_altar, hangedman_feature_mirror
Orc:2:    st_orc_congregation, layout_caves, uniq_urug, uniq_donald

Skill      XL: |  1  2  3  4  5  6  7  8  9 10 11 12 13 14 15 |
---------------+----------------------------------------------+-----
Fighting       | 4 5 7 8 9 10 11 13 14 15 | 15.6
Armour         | 4 6 7 9 10 12 14 15 16 17 | 17.3
Shields        | 4 5 6 7 9 10 12 15 16 | 16.8
Long Blades    | 3 4 5 6 8 9 11 13 14 15 16 17 | 17.6
Dodging        | 1 2 3 4 5 |  5.2
Stealth        | 1 2 |  2.3
Evocations     | 1 2 |  2.0
Invocations    | 1 |  1.1

Action                     |  1- 3 |  4- 6 |  7- 9 | 10-12 | 13-15 || total
---------------------------+-------+-------+-------+-------+-------++-------
  Melee: Long sword        |   110 |   143 |   370 |   963 |   215 ||  1801
         Headbutt          |    12 |    28 |    75 |   237 |   385 ||   737
         Scimitar          |       |       |       |       |  1257 ||  1257
         Falchion          |       |       |       |       |    23 ||    23
 Invoke: Heroism           |       |       |     1 |     5 |     5 ||    11
  Evoke: Wand              |       |       |       |    12 |     3 ||    15
    Use: Scroll            |     5 |     4 |     7 |     9 |     4 ||    29
         Potion            |     2 |       |     3 |     3 |     2 ||    10
   Stab: Paralysed         |       |       |       |     4 |       ||     4
         Confused          |       |       |       |       |     2 ||     2
 Armour: Scale mail        |    96 |    89 |    76 |       |       ||   261
         Chain mail        |       |       |   102 |       |       ||   102
         Plate armour      |       |       |    85 |   822 |  1448 ||  2355
  Dodge: Dodged            |    46 |    65 |   150 |   311 |   506 ||  1078
  Block: Buckler           |    34 |    37 |    85 |   373 |   104 ||   633
         Kite shield       |       |       |       |       |  1051 ||  1051
         Reflection        |       |       |       |       |    47 ||    47
